Map: Odzyskanie ER

Players

Dziobek - Winner!

  • Race: Terran Terran
  • League: Silver
  • Spawn Location: 11:00

YOUNGDD - Winner!

  • Race: Terran Terran
  • Spawn Location: 12:00

Booha

  • Race: Terran Terran
  • Spawn Location: 6:00

Hyneman

  • Race: Terran Terran
  • Spawn Location: 5:00

VOD

Have the link to the VOD?

Description

We did a quick worker rush then the big brother was watching

Time

  • Played on: Dec. 7, 2024, 5:11 p.m.
  • Length: 43:30
Show
View Real Time Build Order
Export as new Build Order

Dziobek Terran - Winner!

Build Orders:  

Get SALT Encoding   

  12  0:00  SCV  
  11  3:55  SCV  
  12  4:07  SCV  
  13  4:19  SCV  
  13  4:23  Supply Depot  
  14  4:30  Refinery  
  14  4:31  SCV  
  15  4:45  SCV  
  16  4:46  Barracks  
  16  4:57  SCV  
  17  5:09  SCV  
  18  5:22  Supply Depot  
  18  5:23  SCV  
  18  5:27  Refinery  
  19  5:35  Factory, SCV  
  20  5:47  SCV  
  21  5:59  SCV  
  22  6:11  SCV  
  23  6:20  Starport  
  23  6:24  SCV, Starport  
  24  6:36  SCV  
  25  6:44  Command Center  
  25  6:57  Starport Reactor  
  25  7:00  Starport Reactor  
  25  7:02  SCV  
  26  7:14  SCV  
  27  7:22  Barracks Reactor  
  27  7:30  SCV  
  27  7:35  Viking  
  30  7:45  Supply Depot  
  30  7:49  Orbital Command  
  30  7:56  Viking x2  
  34  8:11  Viking x2  
  38  8:22  Marine x2  
  38  8:26  Viking  
  42  8:35  SCV  
  42  8:36  SCV  
  42  8:40  Marine  
  45  8:47  SCV  
  45  8:48  SCV  
  47  8:51  Marine  
  48  8:58  Marine  
  48  9:00  SCV  
  50  9:09  Marine  
  51  9:29  Viking  
  53  9:35  Supply Depot  
  53  9:36  Supply Depot  
  53  9:37  SCV  
  54  9:57  Viking x3, SCV x2  
  62  10:09  SCV x2  
  64  10:23  Orbital Command  
  64  10:33  Command Center  
  64  10:42  Command Center  
  64  11:00  SCV x2  
  64  11:03  Refinery  
  66  11:06  Refinery  
  66  11:08  Viking x2  
  70  11:25  Supply Depot x2  
  70  11:27  Supply Depot  
  70  11:29  Viking x2, SCV x2  
  76  12:10  SCV x3  
  76  12:11  SCV  
  80  12:22  SCV  
  81  12:23  SCV x3  
  84  12:34  SCV  
  84  12:35  SCV x2  
  87  12:47  SCV, Supply Depot  
  87  12:48  SCV x3, Supply Depot  
  87  12:50  Supply Depot  
  87  12:51  Refinery  
  91  12:53  Refinery  
  91  13:13  SCV x4  
  95  13:25  SCV x3  
  98  13:40  SCV x3  
  98  13:41  SCV  
  102  13:52  SCV x2  
  102  13:53  SCV  
  105  13:56  Command Center  
  105  13:57  Command Center  
  105  14:08  Command Center  
  105  14:12  Viking  
  105  14:13  Viking x3  
  113  14:35  Orbital Command  
  113  14:36  SCV  
  113  14:37  SCV  
  116  14:41  Orbital Command  
  115  14:48  SCV  
  115  14:49  SCV  
  117  15:01  SCV  
  118  15:12  Orbital Command  
  118  15:13  Orbital Command  
  118  15:19  Orbital Command  
  118  15:21  SCV  
  118  15:22  SCV x3  
  122  15:33  SCV  
  122  15:34  Viking x4, SCV x3  
  134  15:45  SCV  
  134  15:46  SCV x3  
  134  15:48  SCV x3  
  141  15:58  SCV x4  
  141  16:00  SCV x2  
  147  16:13  SCV  
  147  16:14  SCV x6  
  147  16:17  Unknown  
  155  16:25  SCV  
  155  16:26  SCV x6  
  161  16:37  SCV  
  162  17:06  Command Center  
  162  17:09  Command Center  
  162  17:20  Command Center  
  162  17:21  Command Center  
  162  17:23  Command Center  
  162  17:24  Command Center  
  162  17:26  Command Center  
  162  17:36  Command Center  
  162  17:47  Command Center  
  162  18:11  SCV  
  162  18:12  SCV x6  
  169  18:23  SCV  
  169  18:24  SCV x5  
  175  18:34  Command Center  
  175  18:44  Orbital Command x3  
  175  18:50  Orbital Command  
  175  18:51  Orbital Command  
  175  18:54  Orbital Command  
  175  18:56  Orbital Command  
  175  18:57  Orbital Command  
  175  18:59  Orbital Command  
  175  19:02  SCV  
  176  19:03  SCV x6  
  182  19:14  SCV  
  182  19:15  SCV  
  184  19:31  SCV  
  184  19:32  SCV x13  
  198  19:38  Refinery  
  198  19:41  Refinery  
  198  19:43  Refinery  
  198  19:45  Refinery  
  198  19:54  Refinery  
  198  19:55  Refinery  
  198  20:00  Orbital Command  
  198  20:15  Command Center x2  
  198  20:27  Command Center  
  198  20:55  Refinery  
  198  21:10  Command Center  
  198  21:11  Command Center  
  198  21:14  Command Center x2  
  198  21:17  Command Center  
  198  21:29  Orbital Command x2  
  198  21:30  Command Center  
  198  21:41  Command Center  
  198  21:57  Orbital Command  
  198  22:30  Orbital Command x2  
  198  22:32  Orbital Command  
  198  22:54  Command Center  
  198  23:24  Factory Tech Lab  
  180  24:21  Orbital Command  
  180  24:22  Orbital Command x2  
  180  24:24  Orbital Command  
  180  24:29  Orbital Command  
  180  24:52  Siege Tank  
  183  25:24  Siege Tank  
  186  25:56  Siege Tank  
  189  27:27  Refinery  
  189  27:28  Siege Tank, Refinery  
  192  28:01  Siege Tank  
  195  28:12  Command Center  
  193  29:41  Command Center  
  193  29:54  Orbital Command  
  193  30:52  Command Center  
  193  30:53  Command Center  
  193  30:55  Command Center  
  193  30:57  Command Center x2  
  193  30:59  Orbital Command  
  193  31:01  Command Center  
  193  32:11  Command Center  
  193  32:12  Command Center  
  193  32:24  Orbital Command x3  
  193  32:25  Orbital Command x2  
  193  33:20  Command Center  
  193  33:24  Command Center  
  193  33:26  Command Center  
  193  33:28  Command Center x2  
  193  33:31  Command Center  
  193  33:32  Command Center  
  193  33:34  Command Center  
  193  33:36  Command Center  
  193  33:39  Command Center  
  193  33:41  Command Center  
  193  33:43  Command Center  
  193  33:45  Command Center  
  193  33:47  Command Center  
  193  33:53  Command Center x2  
  193  33:56  Command Center  
  193  33:58  Command Center  
  193  33:59  Command Center  
  193  34:01  Command Center  
  193  34:04  Command Center x3  
  193  34:07  Command Center x2  
  193  34:09  Command Center  
  193  34:15  Command Center  
  193  34:19  Command Center x2  
  193  34:23  Command Center  
  193  34:24  Command Center x2  
  193  34:48  Command Center  
  193  34:59  Orbital Command x5  
  193  35:00  Orbital Command  
  193  35:03  Orbital Command  
  193  35:04  Orbital Command x3  
  193  35:07  Orbital Command  
  193  35:10  Command Center  
  193  35:11  Orbital Command x4  
  193  35:16  Command Center  
  193  35:19  Command Center  
  193  35:20  Orbital Command, Command Center  
  193  35:21  Command Center  
  193  35:22  Orbital Command  
  193  35:26  Orbital Command, Command Center  
  193  35:27  Command Center  
  193  35:28  Command Center  
  193  35:32  Orbital Command  
  193  35:34  Orbital Command  
  193  35:36  Orbital Command  
  193  35:38  Orbital Command  
  193  35:40  Orbital Command  
  193  35:43  Orbital Command  
  193  36:34  Orbital Command  
  193  36:37  Orbital Command  
  193  36:42  Orbital Command  
  193  36:43  Orbital Command x3  
  193  36:49  Orbital Command x2  
  193  36:55  Orbital Command x2  
  193  36:56  Orbital Command  
  193  38:01  Orbital Command  
  193  38:02  Orbital Command  
  193  38:04  Orbital Command  
  193  38:08  Orbital Command  
  193  38:12  Orbital Command  
  193  38:20  Orbital Command x3  
  193  40:46  Refinery  
  193  41:35  Refinery  
  193  41:36  Refinery  
  193  42:02  Command Center  
  193  42:07  Command Center  
Show
View Real Time Build Order
Export as new Build Order

YOUNGDD Terran - Winner!

Build Orders:  

Get SALT Encoding   

  10  4:47  SCV  
  11  4:57  Supply Depot  
  11  5:24  Barracks  
  11  5:27  SCV  
  12  5:37  Refinery  
  12  5:39  SCV  
  13  5:49  Refinery  
  13  5:51  SCV  
  14  6:04  SCV  
  15  6:16  SCV  
  16  6:28  SCV  
  17  6:36  Factory  
  17  6:40  SCV  
  18  6:52  SCV  
  19  7:20  Starport  
  19  7:48  Orbital Command  
  19  8:04  Viking  
  21  8:34  Viking  
  23  10:22  Supply Depot  
  23  10:43  Viking  
  23  10:45  Supply Depot  
  25  11:09  Supply Depot  
  25  11:13  Viking  
  27  11:34  Supply Depot  
  27  11:43  Viking  
  29  12:13  Viking  
  31  12:33  Hellion  
  33  12:43  Viking  
  33  12:44  Supply Depot x2  
  35  12:54  Hellion  
  37  13:13  Viking  
  37  13:16  Hellion  
  41  13:37  Hellion  
  43  13:43  Viking  
  45  13:58  Hellion  
  47  14:13  Viking  
  49  15:00  Starport Reactor  
  49  15:03  Barracks Reactor  
  49  15:10  Factory Tech Lab  
  49  15:23  Supply Depot  
  49  15:24  Supply Depot  
  49  15:25  Supply Depot  
  47  15:46  Supply Depot  
  47  15:47  Siege Tank  
  50  16:19  Siege Tank  
  53  16:51  Siege Tank  
  56  17:24  Siege Tank  
  59  17:56  Siege Tank  
  62  18:08  Liberator x2  
  68  18:28  Siege Tank  
  71  18:51  Liberator x2  
  77  19:00  Siege Tank  
  80  19:32  Siege Tank  
  80  19:34  Liberator x2  
  89  19:47  Command Center  
  89  19:50  Command Center  
  89  19:56  Command Center x2  
  89  20:04  Siege Tank  
  92  20:17  Liberator  
  95  20:36  Cyclone  
  98  21:08  Cyclone  
  101  22:11  Orbital Command  
  101  22:12  Orbital Command x3  
  101  22:20  Liberator x2  
  107  23:03  Liberator  
  110  25:58  Command Center  
  110  27:12  Command Center  
  110  28:09  Orbital Command  
  110  28:26  Command Center  
  110  29:39  Command Center  
  110  29:50  Orbital Command  
  110  29:51  Orbital Command  
  110  30:55  Command Center  
  110  31:11  Orbital Command  
  110  32:08  Command Center  
  110  33:02  Orbital Command  
  110  34:12  Orbital Command  
  110  40:34  Liberator x2  
  116  41:17  Liberator x2  
  122  42:00  Liberator x2  
  128  42:03  Marine x2  
  130  42:09  Cyclone  
  133  42:21  Marine x2  
  135  42:39  Marine x2  
  135  42:41  Cyclone  
  140  42:56  Marine  
  140  42:57  Marine  
Show
View Real Time Build Order
Export as new Build Order

Booha Terran 

Build Orders:  

Get SALT Encoding   

  12  0:05  SCV  
  13  0:24  SCV  
  14  0:35  Supply Depot  
  14  0:40  SCV  
  15  0:53  SCV  
  7  1:09  SCV  
  2  1:21  SCV  
  2  1:33  SCV  
  2  1:45  SCV  
Show
View Real Time Build Order
Export as new Build Order

Hyneman Terran 

Build Orders: Reaper Expand 

Get SALT Encoding   

  12  0:06  SCV  
  13  0:18  SCV  
  14  0:30  Engineering Bay, SCV  
  15  0:43  Supply Depot  
    12:12  SCV  
  1  12:25  SCV  
  2  12:37  SCV  
  3  12:49  SCV  
  4  13:01  SCV  
  5  13:29  SCV  
  6  13:41  SCV  
  7  13:53  SCV  
  8  14:05  SCV  
  8  14:18  SCV  
  5  18:04  Unknown  
  5  18:58  Supply Depot  
  5  19:00  SCV  
  6  19:12  SCV  
  7  20:02  SCV  
  8  20:14  SCV  
  9  20:26  SCV  
  10  20:38  SCV  
  10  20:39  Barracks  
  11  20:50  SCV  
  12  21:30  Reaper  
  13  22:02  Reaper  
  14  22:34  Reaper  
  15  22:57  Command Center  
  11  24:54  Command Center  
  11  26:03  Ghost Academy  
  3  26:38  SCV  
  4  26:50  SCV  
  1  31:19  Barracks Tech Lab  
Tags
 
Add a new tag
Caveats
  • Supply blocks, unpowered buildings, or Contaminate may cause inaccurate times.
  • Supply counts are checked every 10 seconds.